 Dungeon Crawl Stone Soup version 0.22-a0-596-gfbd32a6 (webtiles) character file.

3 Lianjan the Sneak (level 1, -3/11 HPs)
             Began as an Octopode Wanderer on July 5, 2018.
             Killed from afar by a dart slug (5 damage)
             ... with a slug dart
             ... on level 1 of the Dungeon.
             The game lasted 00:01:14 (58 turns).

Lianjan the Sneak (Octopode Wanderer)                 Turns: 58, Time: 00:01:14

Health: -3/11      AC:  1    Str: 10    XL:     1   Next: 50%
Magic:  0/2        EV: 12    Int: 16    God:
Gold:   0          SH:  0    Dex: 10    Spells: 1/2 levels left

rFire    . . .     SeeInvis .   d - +0 club
rCold    . . .     Gourm    .   (no shield)
rNeg     . . .     Faith    .   (helmet restricted)
rPois    .         Spirit   .   (no amulet)
rElec    .         Reflect  .   (no ring)
rCorr    .         Harm     .   (no ring)
MR       .....                  (no ring)
Stlth    +++.......             (no ring)
HPRegen  0.03/turn              (no ring)
MPRegen  0.08/turn              (no ring)
                                (no ring)
                                (no ring)

@: no status effects
A: almost no armour, stealthy swim, amphibious, 8 rings, constrict 8, camouflage
1, gelatinous body 1
a: no special abilities


You were on level 1 of the Dungeon.
You were not hungry.

You visited 1 branch of the dungeon, and saw 1 of its levels.

Inventory:

Hand Weapons
 d - a +0 club (weapon)
 e - a +0 dagger
Missiles
 a - 23 stones (quivered)
Scrolls
 c - a scroll of teleportation
Comestibles
 b - a chunk of flesh
 f - a ration


   Skills:
 + Level 0.1 Fighting
 + Level 1.1 Dodging
 - Level 4.0 Stealth
 + Level 1.1 Spellcasting
 + Level 0.1 Conjurations
   Level 3.0 Necromancy
 - Level 1.0 Fire Magic
   Level 1.1 Evocations


You had one spell level left.
You knew the following spells:

 Your Spells              Type           Power        Failure   Level  Hunger
a - Flame Tongue          Conj/Fire      #....        19%         1    ##.....

Your spell library contained the following spells:

 Spells                   Type           Power        Failure   Level  Hunger
 Fireball                 Conj/Fire      #.........   99%         5    ######.
 Conjure Flame            Conj/Fire      #.......     47%         3    ####...
 Throw Flame              Conj/Fire      #.....       26%         2    ###....
 Pain                     Necr           ##..         7%          1    ##.....
 Vampiric Draining        Necr           ##........   21%         3    ####...
 Sticky Flame             Conj/Fire      #.......     87%         4    #####..
 Inner Flame              Hex/Fire       #.......     50%         3    ####...


Dungeon Overview and Level Annotations

Branches:
Dungeon (1/15)

Altars:


Innate Abilities, Weirdness & Mutations

You cannot wear most types of armour.
You are very stealthy in the water. (Stealth+)
You are amphibious.
You can wear up to eight rings at the same time.
You can use your tentacles to constrict eight enemies at once.
Your skin changes colour to match your surroundings (Stealth+).
Your rubbery body absorbs attacks. (AC +1, EV +1)


Message History

You can't see any susceptible monsters within range! (Use Z to cast anyway.)
Casting: Flame Tongue (safe; 19% risk of failure)
Confirm with . or Enter, or press ? or * to list all spells.
Aiming: Flame Tongue (safe; 19% risk of failure)
Press: ? - help, Shift-Dir - straight line, f - dart slug
Aim: a dart slug The flame tongue hits the dart slug.
The dart slug is lightly wounded.
The dart slug launches a dart at you. The slug dart misses you.
Casting: Flame Tongue (safe; 19% risk of failure)
Confirm with . or Enter, or press ? or * to list all spells.
Aiming: Flame Tongue (safe; 19% risk of failure)
Press: ? - help, Shift-Dir - straight line, f/p - dart slug
Aim: a dart slug (lightly wounded)
The flame tongue hits the dart slug.
The dart slug is heavily wounded.
The dart slug launches a dart at you. The slug dart hits you!
You die...

.# #.# #.# #.# .
#.###### ...% .w.....#
..#...###....#+##
......%.@........
#..#.#.#.##....
..$..#..# . #.###..#
#.##..##%.#
#.....)...#
##############.##%.#
...#.........>.....#
.....................#


You could see a dart slug.

Vanquished Creatures
  A kobold (D:1)
  A frilled lizard (D:1)
  A goblin (D:1)
  A rat (D:1)
4 creatures vanquished.

Notes
Turn   | Place    | Note
-------+----------+-------------------------------------------
     0 | D:1      | Lianjan the Octopode Wanderer began the quest for the Orb.
     0 | D:1      | Lianjan set off with: a scroll of teleportation, a +0 club, a +0 dagger, a ration
     0 | D:1      | Reached XP level 1. HP: 11/11 MP: 2/2
    35 | D:1      | Learned a level 1 spell: Flame Tongue
    58 | D:1      | Killed from afar by a dart slug

Vault maps used:
D:1:      sevenhm_arrival_forest_fort_small_6, dk_noncrumbling_3

Action                   || total
-------------------------++-------
Melee: Club              ||     8
 Cast: Flame Tongue      ||     2
 Stab: Distracted        ||     1
       Sleeping          ||     1
Dodge: Dodged            ||     4

Table legend:
 A = Spawn XP
 B = Non-spawn XP
 C = Spawn XP percentage of total XP
 D = Spawn monster count
 E = Non-spawn monster count
 F = Spawn count percentage of total count
 G = Total turns spent on level
                    A         B        C        D         E        F      G
               +---------+---------+-------+---------+---------+-------+---------
         Total |       0 |       5 |   0.0 |       0 |       4 |   0.0 |    58
               +---------+---------+-------+---------+---------+-------+---------
           D:1 |       0 |       5 |   0.0 |       0 |       4 |   0.0 |    58
               +---------+---------+-------+---------+---------+-------+---------
